 Dungeon Crawl Stone Soup version 0.25.1-8-g42b30a86e7 (webtiles) character file.

Game seed: 8022383555194084471

308 DildoBatman the Conjurer (level 6, -3/43 HPs)
             Began as a Formicid Wizard on Dec 19, 2020.
             Was a Believer of Kikubaaqudgha.
             Shot with an arrow by a centaur (8 damage)
             ... on level 8 of the Dungeon.
             The game lasted 00:12:54 (3346 turns).

DildoBatman the Conjurer (Formicid Wizard)          Turns: 3346, Time: 00:12:55

Health: -3/43      AC:  2    Str: 12    XL:     6   Next: 68%
Magic:  10/10      EV: 12    Int: 19    God:    Kikubaaqudgha [**....]
Gold:   217        SH:  4    Dex:  9    Spells: 4/11 levels left

rFire    . . .     SeeInvis +   a - +0 hunting sling
rCold    . . .     Gourm    .   q - +0 buckler
rNeg     . . .     Faith    .   u - +0 robe
rPois    .         Spirit   .   (helmet unavailable)
rElec    .         Reflect  .   (no cloak)
rCorr    .         Harm     .   (no gloves)
MR       .....                  (no boots)
Stlth    ++........             (no amulet)
HPRegen  0.14/turn              (no ring)
MPRegen  0.12/turn              (no ring)

@: flying, very slightly contaminated
A: permanent stasis, dig shafts and tunnels, four strong arms, antennae 3
a: Dig, Shaft Self, Receive Corpses, Renounce Religion


You were on level 8 of the Dungeon.
You worshipped Kikubaaqudgha.
Kikubaaqudgha was pleased with you.
You were near starving.

You visited 1 branch of the dungeon, and saw 5 of its levels.

You collected 217 gold pieces.

Inventory:

Hand Weapons
 a - a +0 hunting sling (weapon)
Missiles
 d - 79 stones (quivered)
 i - 7 sling bullets
 l - 4 boomerangs
 m - 21 bolts
 y - 20 arrows
Armour
 q - a +0 buckler (worn)
 u - a +0 robe (worn)
Wands
 c - a wand of polymorph (5)
 e - a wand of digging (6)
Scrolls
 b - a scroll of teleportation {unknown}
 f - a scroll of noise {unknown}
 h - a scroll of amnesia {unknown}
 s - 2 scrolls of enchant weapon {unknown}
 t - 2 scrolls of blinking {unknown}
 w - a scroll of magic mapping {unknown}
 x - a scroll of remove curse
 z - a scroll of identify
Potions
 p - a potion of heal wounds {unknown}
 r - a potion of flight
Comestibles
 v - 5 rations


   Skills:
 * Level 1.5 Fighting
 * Level 1.5 Armour
 - Level 1.7 Dodging
 - Level 2.4 Stealth
 - Level 3.0 Shields
 - Level 3.2 Spellcasting
 * Level 3.6 Conjurations
   Level 1.0 Summonings
   Level 0.8 Translocations
 * Level 1.4 Fire Magic
 * Level 1.1 Air Magic
 * Level 1.9 Poison Magic


You had 4 spell levels left.
You knew the following spells:

 Your Spells              Type           Power        Failure   Level  Hunger
a - Conjure Flame         Conj/Fire      ##......     16%         3    ###....
c - Magic Dart            Conj           ###.         3%          1    None
e - Mephitic Cloud        Conj/Pois/Air  ##......     19%         3    ###....

Your spell library contained the following spells:

 Spells                   Type           Power        Failure   Level  Hunger
 Corona                   Hex            #......      16%         1    None
 Pain                     Necr           #...         16%         1    None
 Call Imp                 Summ           #.......     16%         2    ##.....
 Corpse Rot               Necr/Air       N/A          19%         2    ##.....
 Ensorcelled Hibernation  Hex/Ice        #.....       22%         2    ##.....
 Slow                     Hex            #.......     22%         2    ##.....
 Sublimation of Blood     Necr           #.........   22%         2    ##.....
 Dazzling Flash           Conj/Hex       #.....       22%         3    ###....
 Confusing Touch          Hex            #.......     41%         3    ###....
 Tukima's Dance           Hex            #.......     41%         3    ###....
 Vampiric Draining        Necr           #.........   41%         3    ###....
 Blink                    Tloc           Unusable     N/A         2    N/A

Dungeon Overview and Level Annotations

Branches:
Dungeon (6/15)
 Temple: D:4-7

Altars:
Dithmenos
Hepliaklqana
Kikubaaqudgha
Xom
The Shining One

Annotations:
D:6 Dowan, Duvessa


Innate Abilities, Weirdness & Mutations

You cannot be hasted, slowed, berserked, paralysed or teleported.
You can dig through walls and to a lower floor.
Your four strong arms can wield two-handed weapons with a shield.
You have a pair of large antennae on your head. (SInv)


Message History

The arrow hits you.
You see here an arrow.
The centaur shoots an arrow.
The arrow hits you.
You feel better.
The centaur shoots an arrow.
The arrow hits you.
The centaur shoots an arrow.
The arrow hits you.
It was a potion of haste.
Your stasis prevents you from being hasted.
The centaur shoots an arrow.
The arrow barely misses you.
The centaur hits the water moccasin zombie!
It was a potion of magic.
Magic courses through your body.
The centaur shoots an arrow.
The arrow hits you!
You die...
Kikubaaqudgha rasps: "You have failed me!
Welcome... death!"

#########
#.......#
#######..####.####
....{{()c.....>...
###Z###.#.Z{..##
.. #.#.(c########
.. #....(((..@<.#
. #.#..#########
#.#.........
#.#.########
#.#....# #.####.#
#.. #.# ### #.#
#.#


You could see a centaur.

Vanquished Creatures
  A scorpion (D:8)
  A crimson imp (D:8)
  A hound (D:6)
  Natasha (twice) (D:3)
  A hound skeleton (D:8)
  5 adders
  3 worms
  A leopard gecko (D:1)
  An orc (D:3)
  3 ball pythons
  5 giant cockroaches
  5 goblins
  16 hobgoblins
  9 jackals
  A quokka (D:2)
  11 bats
  3 frilled lizards (D:2)
  A goblin zombie (D:8)
  6 hobgoblin zombies (D:8)
  5 kobolds
  A kobold skeleton (D:8)
  A kobold zombie (D:8)
  An orc skeleton (D:8)
  6 rats
90 creatures vanquished.

Notes
Turn   | Place    | Note
-------+----------+-------------------------------------------
     0 | D:1      | DildoBatman the Formicid Wizard began the quest for the
                  | Orb.
     0 | D:1      | Reached XP level 1. HP: 13/13 MP: 4/4
    61 | D:1      | Reached skill level 1 in Conjurations
   245 | D:1      | Reached XP level 2. HP: 12/19 MP: 0/6
   894 | D:2      | Reached XP level 3. HP: 22/24 MP: 1/7
  1059 | D:2      | Found a faded altar of an unknown god.
  1370 | D:2      | Reached XP level 4. HP: 25/30 MP: 5/8
  1373 | D:2      | Reached skill level 1 in Shields
  1460 | D:2      | Became a worshipper of Kikubaaqudgha
  1460 | D:2      | Reached * piety under Kikubaaqudgha
  1460 | D:2      | Identified Kikubaaqudgha's Incunabulum of Dark Rites
                  | (Kikubaaqudgha gifted it to you on level 2 of the Dungeon)
  1460 | D:2      | Received a gift from Kikubaaqudgha
  1626 | D:2      | Found a shadowy altar of Dithmenos.
  1743 | D:2      | Found a hazy altar of Hepliaklqana.
  1901 | D:2      | Learned a level 3 spell: Mephitic Cloud
  2096 | D:2      | Found a shimmering altar of Xom.
  2507 | D:3      | Learned a level 3 spell: Conjure Flame
  2536 | D:3      | Reached XP level 5. HP: 34/35 MP: 9/9
  2552 | D:3      | Reached ** piety under Kikubaaqudgha
  2628 | D:3      | Noticed Natasha
  2636 | D:3      | Killed Natasha
  2657 | D:3      | Noticed Natasha
  2677 | D:3      | Killed Natasha
  2783 | D:3      | Reached skill level 1 in Poison Magic
  2786 | D:3      | You fall into a shaft and drop 3 floors!
  2795 | D:6      | Noticed an orc warrior
  2796 | D:6      | Reached skill level 1 in Armour
  2828 | D:6      | Reached skill level 1 in Fighting
  2828 | D:6      | Reached XP level 6. HP: 27/43 MP: 1/10
  2829 | D:6      | Noticed Duvessa
  2829 | D:6      | Noticed Dowan
  2833 | D:6      | You fall into a shaft and drop 2 floors!
  3049 | D:8      | Reached skill level 1 in Fire Magic
  3049 | D:8      | Reached skill level 1 in Air Magic
  3106 | D:8      | Found a glowing golden altar of the Shining One.
  3346 | D:8      | Shot with an arrow by a centaur

Illustrated notes

Levels and vault maps discovered:
D:1:      saegor_arrival_under_anarchy, layout_basic
D:2:      minmay_skewed_foursquare, layout_basic,
          nicolae_dithmenos_shadow_blocks, nicolae_overflow_crystal_walls,
          lemuel_doored_altar, chequers_ecumenical_altar_simple
D:3:      layout_loops_corners, first_ration, uniq_natasha
D:6:      layout_cave_pools, serial_park, serial_park_avenue1,
          serial_park_square1 [serial_park_minivault_5x5_5],
          serial_park_avenue1, serial_park_square3
          [serial_park_minivault_5x5_7], serial_park_tiny_2,
          minmay_misc_feat_cross, minmay_crystal_water, uniq_edmund,
          uniq_duvessa
D:8:      layout_basic, kennysheep_mini_moat, lair_entry_dummy, grunt_livestock,
          nicolae_tso_besieged_by_evil

Skill      XL: |  1  2  3  4  5  6 |
---------------+-------------------+-----
Conjurations   | 1 2 3 |  3.6
Shields        | 2 3 |  3.0
Poison Magic   | 1 |  1.9
Armour         | 1 |  1.5
Fighting       | 1 |  1.5
Fire Magic     | 1 |  1.4
Air Magic      | 1 |  1.1
Dodging        | |  1.7
Stealth        | |  2.4
Spellcasting   | |  3.2
Summonings     | |  1.0
Translocations | |  0.8

Action                   |  1- 3 |  4- 6 || total
-------------------------+-------+-------++-------
Melee: Club              |    14 |       ||    14
 Fire: Hunting sling     |    24 |   142 ||   166
Throw: Boomerang         |     2 |    26 ||    28
 Cast: Magic Dart        |    79 |    89 ||   168
       Mephitic Cloud    |       |     7 ||     7
       Conjure Flame     |       |     2 ||     2
 Abil: Dig               |       |     5 ||     5
       Shaft Self        |       |     1 ||     1
  Use: Scroll            |       |     2 ||     2
       Potion            |       |     5 ||     5
  Eat: Chunk             |     1 |     7 ||     8
Armor: Robe              |    16 |    13 ||    29
Dodge: Dodged            |    28 |    47 ||    75
Block: Buckler           |       |    14 ||    14
